Map: Pillars of Gold LE

Players

Denver

  • Race: Zerg Zerg
  • League: Master
  • Spawn Location: 1:00

uwuThermal (uThermal) - Winner!

  • Race: Terran Terran
  • League: Grandmaster
  • Spawn Location: 7:00

VOD

Have the link to the VOD?

Description

Time

  • Played on: Jan. 20, 2021, 1:52 p.m.
  • Length: 9:11
Show
View Real Time Build Order
Export as new Build Order

Denver Zerg 

Build Orders: Hatch First 

Get SALT Encoding   

  12  0:00  Drone  
  13  0:13  Overlord  
  13  0:18  Drone  
  14  0:31  Drone x2  
  16  0:50  Hatchery  
  16  0:55  Drone  
  16  0:58  Drone  
  16  1:02  Drone  
  18  1:12  Extractor  
  18  1:17  Spawning Pool  
  16  1:21  Drone  
  16  1:24  Drone  
  18  1:32  Drone  
  19  1:42  Drone  
  20  1:52  Overlord  
  20  2:04  Queen x2  
  20  2:05  Zergling x2  
  20  2:06  Zergling x2  
  26  2:12  Metabolic Boost  
  26  2:15  Drone  
  27  2:19  Drone  
  28  2:23  Drone  
  28  2:27  Drone  
  29  2:33  Drone  
  30  2:37  Drone  
  31  2:47  Overlord  
  31  2:49  Drone  
  32  2:55  Queen  
  34  3:00  Zergling x4  
  36  3:06  Overlord  
  36  3:07  Drone  
  37  3:13  Drone  
  37  3:14  Drone x2  
  40  3:25  Drone x2  
  42  3:27  Hatchery  
  42  3:30  Drone x2  
  43  3:37  Queen  
  45  3:42  Drone x2  
  45  3:45  Drone x3  
  50  3:51  Queen  
  50  3:53  Overlord  
  52  3:59  Overlord  
  52  4:07  Overlord  
  52  4:16  Queen  
  54  4:18  Drone x4  
  54  4:22  Drone  
  59  4:30  Drone x2  
  61  4:38  Drone  
  62  4:40  Queen  
  62  4:42  Drone x2  
  66  4:46  Overlord  
  66  4:47  Zergling x2  
  66  4:48  Zergling x2  
  66  4:52  Zergling x6, Baneling Nest  
  70  4:59  Zergling x2  
  73  5:00  Zergling x4  
  73  5:07  Spore Crawler  
  73  5:10  Zergling x6  
  73  5:11  Queen  
  73  5:14  Drone x3, Extractor  
  79  5:24  Evolution Chamber x2, Overlord  
  79  5:25  Drone x3  
  79  5:26  Drone x2  
  80  5:39  Drone x5  
  80  5:41  Overlord  
  82  5:44  Lair  
  82  5:48  Extractor  
  81  5:50  Zergling x12  
  81  5:55  Hatchery  
  81  5:56  Zerg Melee Weapons Level 1, Zerg Ground Armor Level 1  
  86  5:57  Drone  
  86  5:58  Zergling x2  
  86  5:59  Zergling x2  
  86  6:03  Zergling x6  
  91  6:08  Zergling x2  
  91  6:09  Zergling x4  
  94  6:13  Zergling x4  
  94  6:16  Spore Crawler  
  95  6:18  Overlord  
  95  6:21  Drone x2  
  95  6:22  Overlord  
  95  6:25  Overlord x2  
  97  6:32  Zergling x6  
  98  6:38  Drone  
  98  6:39  Drone x4  
  102  6:41  Extractor x2  
  99  6:49  Zergling x6  
  99  6:50  Centrifical Hooks  
  102  6:54  Hydralisk Den  
  102  6:55  Drone  
  102  6:57  Drone x4  
  102  7:00  Baneling x7  
  106  7:03  Zergling x8  
  106  7:06  Drone x2  
  112  7:11  Drone  
  112  7:14  Zergling x2  
  112  7:15  Zergling x2  
  115  7:18  Zergling x8  
  119  7:26  Muscular Augments  
  119  7:27  Overlord  
  119  7:29  Hydralisk x6  
  118  7:33  Overlord  
  130  7:37  Baneling x5  
  130  7:39  Overlord x3  
  130  7:42  Overlord  
  129  7:44  Overlord  
  129  7:49  Drone x4  
  120  7:58  Drone x8  
  120  8:03  Overseer  
  120  8:05  Zergling x12  
  127  8:13  Zergling x2  
  127  8:14  Zergling x12  
  127  8:19  Zergling x4  
  136  8:24  Hydralisk x4  
  142  8:32  Drone x6  
  134  8:42  Zergling x8  
  134  8:43  Zergling x8  
  140  8:51  Zergling x10  
Show
View Real Time Build Order
Export as new Build Order

uwuThermal Terran - Winner!

Build Orders: Reaper Expand 

Get SALT Encoding   

  12  0:00  SCV  
  13  0:12  SCV  
  14  0:17  Supply Depot  
  14  0:24  SCV  
  15  0:39  SCV  
  15  0:40  Barracks  
  16  0:45  Refinery  
  16  0:51  SCV  
  17  1:03  SCV  
  18  1:15  SCV  
  19  1:28  Orbital Command, Reaper  
  20  1:43  Command Center  
  20  1:53  Supply Depot  
  20  1:56  SCV  
  20  2:00  Reaper  
  22  2:08  SCV  
  23  2:12  Barracks  
  23  2:20  SCV  
  24  2:32  Barracks Reactor, SCV  
  25  2:44  Factory, SCV, Refinery  
  26  2:56  SCV  
  27  3:01  Orbital Command  
  27  3:02  Barracks Tech Lab  
  27  3:08  SCV  
  28  3:17  Command Center  
  28  3:20  SCV  
  28  3:22  Marine  
  28  3:24  Marine  
  28  3:26  Marine  
  32  3:29  SCV  
  32  3:33  SCV  
  34  3:38  Starport  
  34  3:42  SCV  
  34  3:45  SCV  
  34  3:46  Stimpack  
  36  3:49  Marine  
  36  3:51  Marine x2  
  36  3:55  Factory Reactor  
  39  3:57  SCV  
  39  3:58  SCV  
  41  4:03  Supply Depot  
  41  4:08  Reaper  
  41  4:09  Marine x2  
  44  4:10  SCV  
  44  4:15  SCV  
  46  4:23  SCV  
  46  4:25  Supply Depot  
  46  4:27  Marine x2, SCV  
  46  4:30  Orbital Command  
  49  4:35  SCV  
  49  4:36  Medivac  
  49  4:37  Medivac  
  54  4:39  Marine  
  54  4:43  SCV  
  54  4:45  Marine x2  
  58  4:48  SCV, Supply Depot  
  59  4:55  Factory Reactor, SCV  
  59  4:56  SCV  
  61  5:00  Marine, Engineering Bay, SCV  
  61  5:01  Engineering Bay  
  61  5:02  Marine  
  64  5:08  Refinery  
  64  5:09  Refinery  
  64  5:14  Barracks, SCV  
  64  5:15  SCV x2  
  64  5:17  Marine  
  64  5:18  Starport Reactor  
  64  5:20  Marine  
  69  5:26  SCV  
  69  5:27  Marine, SCV  
  72  5:32  Widow Mine x2  
  72  5:33  SCV  
  77  5:39  Marine  
  77  5:41  Marine  
  77  5:43  Barracks, SCV  
  77  5:44  Barracks  
  77  5:45  Terran Infantry Weapons Level 1, Marine  
  77  5:46  Terran Infantry Armor Level 1  
  77  5:49  SCV  
  80  5:53  Orbital Command  
  80  5:54  Combat Shield  
  80  5:55  SCV  
  80  5:57  Marine  
  81  5:59  Marine  
  81  6:01  Widow Mine  
  85  6:04  Supply Depot  
  85  6:13  Marine x3  
  85  6:14  Widow Mine, Marine, SCV x2  
  93  6:26  Marine, SCV x2, Medivac x2  
  93  6:29  Supply Depot  
  93  6:31  Marine x2, Supply Depot  
  101  6:32  Barracks Reactor  
  101  6:33  Barracks Reactor  
  101  6:37  Supply Depot  
  101  6:50  Marine x4, SCV x2  
  101  6:51  Widow Mine, Supply Depot  
  101  6:52  Widow Mine, Marine, SCV  
  113  6:56  Medivac  
  113  6:57  Medivac  
  117  7:03  Refinery  
  117  7:04  Factory  
  117  7:07  SCV  
  117  7:08  Marine x3  
  118  7:09  Marine x2  
  118  7:13  Armory  
  122  7:16  Marine x2  
  122  7:17  SCV, Supply Depot  
  122  7:19  Widow Mine  
  122  7:20  Widow Mine  
  131  7:22  SCV  
  131  7:26  Supply Depot  
  131  7:27  SCV  
  131  7:28  Marine x2  
  133  7:36  Supply Depot  
  133  7:38  Marine x3, SCV  
  133  7:39  Marine  
  133  7:40  Widow Mine, Marine  
  133  7:43  Supply Depot  
  141  7:48  SCV  
  141  7:49  Marine, SCV  
  141  7:50  Supply Depot  
  144  7:51  Factory Tech Lab  
  144  7:53  Marine x2  
  144  8:00  Marine  
  144  8:05  Marine x2  
  146  8:11  Marine  
  146  8:12  Marine x3  
  150  8:15  Siege Tank  
  150  8:17  SCV  
  150  8:19  Marine  
  150  8:24  Factory Tech Lab  
  150  8:25  Marine  
  151  8:29  Marine x2  
  151  8:33  Marine x3  
  150  8:37  Command Center  
  150  8:41  Marine, Medivac  
  151  8:43  Marine  
  151  8:46  Marine  
  151  8:47  Marine  
  160  8:50  Marine  
Tags
 
Add a new tag
Caveats
  • Supply blocks, unpowered buildings, or Contaminate may cause inaccurate times.
  • Supply counts are checked every 10 seconds.